[Event "Team 45 45 League T97"]
[Site "Internet Chess Club"]
[Date "2023.08.28"]
[Round "3"]
[White "Lawkeito"]
[Black "clarinetref"]
[Result "1-0"]
[WhiteElo "1788"]
[BlackElo "1517"]
[Opening "Bogo-Indian defense"]
[ECO "E11"]
[Time "20:00:19"]
[PlyCount "117"]
[TimeControl "2700+45"]

1. d4 Nf6 2. c4 e6 3. Nf3 Bb4+ 4. Bd2 Bxd2+ 5. Qxd2 O-O 6. Nc3 d5 7. cxd5 exd5
8. e3 Bf5 9. h3 c6 10. g4 Ne4 11. Nxe4 Bxe4 12. Be2 Qf6 13. Qd1 Na6 14. a3 Rac8
15. O-O Bxf3 16. Bxf3 Qh4 17. Bg2 f5 18. b4 Nc7 19. a4 Ne6 20. gxf5 Rxf5 21. Qg4
Qxg4 22. hxg4 Rf6 23. b5 Ng5 24. bxc6 bxc6 25. Rfc1 Rcf8 26. Ra2 Rd6 27. Rac2
Rff6 28. f4 Ne4 29. g5 Rg6 30. Bh3 Nxg5 31. fxg5 Rxg5+ 32. Bg2 Rdg6 33. Rf2 Rg3
34. Kf1 h5 35. Rxc6 Kh7 36. Rxg6 Kxg6 37. Ke2 Rg5 38. Bf3 Kh6 39. Kd3 Rf5 40. e4
dxe4+ 41. Kxe4 Ra5 42. Bd1 g5 43. Rf5 Ra6 44. d5 g4 45. Kf4 Rb6 46. Re5 Rb1 47.
Re6+ Kg7 48. Be2 Rb4+ 49. Re4 Rb6 50. Ke5 Rg6 51. d6 Kf7 52. d7 Re6+ 53. Kf4
Rf6+ 54. Ke3 Rd6 55. Bb5 g3 56. Kf3 h4 57. Rxh4 Ke7 58. Re4+ Kf8 59. Re8+ {Black
resigns} 1-0

[Event "Team 45 45 League T97"]
[Site "Internet Chess Club"]
[Date "2023.08.23"]
[Round "3"]
[White "garytd"]
[Black "manfredo"]
[Result "0-1"]
[WhiteElo "1450"]
[BlackElo "1561"]
[Opening "Queen's pawn: London system"]
[ECO "A45"]
[Time "17:01:49"]
[PlyCount "50"]
[TimeControl "2700+45"]

1. d4 Nf6 2. Bf4 g6 3. Nc3 d5 4. Nf3 Bg7 5. Qd2 Ne4 6. Nxe4 dxe4 7. Be5 f6 8.
Bg3 exf3 9. exf3 Be6 10. Bb5+ c6 11. Bd3 Bf7 12. c3 O-O 13. O-O Nd7 14. f4 f5
15. b4 Nf6 16. Rfe1 Nh5 17. Bh4 Bf6 18. Bxf6 Nxf6 19. f3 Re8 20. a4 a6 21. Be2
b5 22. a5 Qd6 23. Bd1 Nd5 24. Re5 Nf6 25. Be2 Nd7 {White resigns} 0-1

[Event "Team 45 45 League T97"]
[Site "Internet Chess Club"]
[Date "2023.08.27"]
[Round "3"]
[White "fvafier"]
[Black "Electryon"]
[Result "0-1"]
[WhiteElo "1490"]
[BlackElo "1585"]
[Opening "Old Indian defense"]
[ECO "A53"]
[Time "16:00:50"]
[PlyCount "90"]
[TimeControl "2700+45"]

1. d4 Nf6 2. c4 d6 3. Nf3 Nbd7 4. e3 e5 5. b3 c6 6. Nbd2 Qc7 7. Bd3 Be7 8. O-O
O-O 9. Bb2 g6 10. Rc1 Nh5 11. dxe5 Nxe5 12. Nxe5 dxe5 13. g4 Ng7 14. Qf3 f5 15.
gxf5 Bxf5 16. Bxf5 Rxf5 17. Qe2 Raf8 18. Ne4 Ne6 19. Ng3 R5f7 20. Qg4 Ng5 21.
Rcd1 Nf3+ 22. Kg2 c5 23. Qe6 Bf6 24. Ne4 Bg7 25. Nd6 Qc6 26. Qd5 Qxd5 27. cxd5
Rd7 28. Ne4 b6 29. d6 h6 30. Rd5 Kh7 31. Kh1 Rf5 32. Nd2 Nxd2 33. Rxd2 e4 34.
Bxg7 Kxg7 35. Kg2 Kf6 36. f3 Rxf3 37. Rxf3+ exf3+ 38. Kxf3 Ke5 39. e4 Rxd6 40.
Rxd6 Kxd6 41. Kf4 b5 42. h4 Ke6 43. a3 a5 44. e5 g5+ 45. hxg5 hxg5+ {White
resigns} 0-1

[Event "Team 45 45 League T97"]
[Site "Internet Chess Club"]
[Date "2023.08.25"]
[Round "3"]
[White "herrahuu"]
[Black "PsyMar"]
[Result "1-0"]
[WhiteElo "1403"]
[BlackElo "1282"]
[Opening "Four knights: Spanish variation"]
[ECO "C48"]
[Time "10:00:30"]
[PlyCount "97"]
[TimeControl "2700+45"]

1. e4 e5 2. Nf3 Nc6 3. Nc3 Nf6 4. Bb5 Bd6 5. a3 b6 6. d3 Bb7 7. g4 Nxg4 8. Rg1
h5 9. h3 Nh6 10. Rxg7 Qf6 11. Rg5 Nd4 12. Nxd4 exd4 13. Nd5 Bxd5 14. exd5 O-O-O
15. Rxh5 Rde8+ 16. Kf1 Kb7 17. Bxd7 Re5 18. Bc6+ Kb8 19. Bxh6 Rxh6 20. Rxh6 Qxh6
21. Qg4 Qh8 22. Re1 Rxe1+ 23. Kxe1 a6 24. f4 Ka7 25. Kf2 b5 26. f5 Be7 27. Kf3
Kb6 28. Kg3 Qe5+ 29. Qf4 Qe3+ 30. Qxe3 dxe3 31. Kf3 Bg5 32. h4 Bh6 33. h5 Kc5
34. b3 Kd4 35. Bb7 f6 36. Bxa6 Kxd5 37. Bxb5 c6 38. Bc4+ Kc5 39. c3 Kd6 40. a4
c5 41. a5 Kc6 42. a6 Kb6 43. d4 Bg5 44. d5 Kc7 45. d6+ Kb6 46. d7 e2 47. d8=Q+
Ka7 48. Qc7+ Ka8 49. Qb7# {Black checkmated} 1-0

[Event "Team 45 45 League T97"]
[Site "Internet Chess Club"]
[Date "2023.08.25"]
[Round "3"]
[White "Portola"]
[Black "ARMAND02019"]
[Result "0-1"]
[WhiteElo "1663"]
[BlackElo "1625"]
[Opening "Queen's pawn game"]
[ECO "D02"]
[Time "19:00:38"]
[PlyCount "122"]
[TimeControl "2700+45"]

1. d4 d5 2. Nf3 c6 3. c3 Nf6 4. Bg5 Ne4 5. Bh4 Nd7 6. Nbd2 Ndf6 7. e3 Bg4 8. Be2
h6 9. Ne5 Bxe2 10. Qxe2 Nxd2 11. Qxd2 g5 12. Bg3 Ne4 13. Qe2 Bg7 14. Qh5 O-O 15.
f4 Nf6 16. Qe2 Ne4 17. fxg5 hxg5 18. O-O-O Bxe5 19. Bxe5 f6 20. Bg3 Qa5 21. Kb1
Qxc3 22. Be1 Qc4 23. Qf3 Rf7 24. h4 Rh7 25. Rc1 Qd3+ 26. Ka1 Nd6 27. Bc3 Qf5 28.
Qd1 Rxh4 29. Rxh4 gxh4 30. Qe1 Qg5 31. Qe2 Kf7 32. Rh1 Ne4 33. Be1 Rh8 34. Qf3
Kg7 35. a3 e6 36. Qh3 f5 37. Qf3 Qg4 38. Rh3 Qxf3 39. Rxf3 Ng5 40. Rf2 h3 41.
gxh3 Rxh3 42. Re2 Nf3 43. Rg2+ Kf6 44. Bg3 Rh1+ 45. Ka2 b6 46. Bf4 Rh3 47. Rg8
Rh7 48. Rf8+ Rf7 49. Rc8 c5 50. dxc5 bxc5 51. Rxc5 Rd7 52. Bc7 Ne5 53. Ba5 Nc4
54. Bc3+ Kg5 55. Bd4 e5 56. Rxc4 dxc4 57. Bxe5 Rd3 58. Bf4+ Kg4 59. Kb1 Kf3 60.
Bb8 a6 61. Kc2 Rxe3 {White resigns} 0-1

[Event "Team 45 45 League T97"]
[Site "Internet Chess Club"]
[Date "2023.08.27"]
[Round "3"]
[White "Signofthetimes"]
[Black "rubo"]
[Result "0-1"]
[WhiteElo "1581"]
[BlackElo "1496"]
[Opening "Caro-Kann defense"]
[ECO "B10"]
[Time "23:00:24"]
[PlyCount "68"]
[TimeControl "2700+45"]

1. e4 c6 2. Nf3 d5 3. exd5 cxd5 4. d4 Nc6 5. Be2 e6 6. O-O Bd6 7. c3 Qc7 8. Bg5
h6 9. Bh4 Nge7 10. Bxe7 Nxe7 11. Nbd2 O-O 12. Qc2 Ng6 13. Rac1 Nf4 14. Bd3 Nxd3
15. Qxd3 b6 16. c4 Ba6 17. b3 Rac8 18. Rc2 dxc4 19. bxc4 Rfd8 20. Rfc1 Bf4 21.
Qa3 Qb7 22. Rd1 Bxd2 23. Rcxd2 Bxc4 24. Ne5 Bd5 25. f3 Rc7 26. Qb2 Rdc8 27. a3
Rc3 28. Rd3 Qc7 29. Qb5 Rxd3 30. Qxd3 Qc3 31. Qa6 Rc7 32. Qa4 Bb3 33. Qe8+ Kh7
34. Rf1 Qxd4+ {White resigns} 0-1

[Event "Team 45 45 League T97"]
[Site "Internet Chess Club"]
[Date "2023.08.27"]
[Round "3"]
[White "g8wrb"]
[Black "Kingofknights"]
[Result "0-1"]
[WhiteElo "1275"]
[BlackElo "1573"]
[Opening "Caro-Kann: advance variation"]
[ECO "B12"]
[Time "11:01:36"]
[PlyCount "74"]
[TimeControl "2700+45"]

1. e4 c6 2. d4 d5 3. e5 c5 4. c3 cxd4 5. cxd4 Nc6 6. Nf3 Qb6 7. Be2 Bg4 8. Nc3
e6 9. Qa4 Bxf3 10. Bxf3 Qxd4 11. Qxd4 Nxd4 12. Bd1 Bb4 13. O-O Bxc3 14. bxc3 Nc6
15. Re1 b5 16. Rb1 a6 17. a4 Rb8 18. axb5 axb5 19. Ba4 Nge7 20. Rxb5 Kd7 21.
Rxb8 Rxb8 22. f4 Kc7 23. Kf2 Na5 24. Ba3 Kd8 25. Bb4 Nec6 26. Bxc6 Nxc6 27. Rb1
Kd7 28. Ke3 Na5 29. Kd3 Nc4 30. g4 g6 31. h4 Kc6 32. Rb3 h5 33. g5 Ra8 34. Rb1
Ra2 35. Bf8 Rf2 36. Rb8 Rxf4 37. Rc8+ Kd7 {White resigns} 0-1

[Event "Team 45 45 League T97"]
[Site "Internet Chess Club"]
[Date "2023.08.27"]
[Round "3"]
[White "pmarcal"]
[Black "Pruett1988"]
[Result "1/2-1/2"]
[WhiteElo "1704"]
[BlackElo "1741"]
[Opening "Queen's pawn: London system"]
[ECO "A45"]
[Time "19:04:16"]
[PlyCount "123"]
[TimeControl "2700+45"]

1. d4 Nf6 2. Bf4 d6 3. c4 g6 4. Nc3 Bg7 5. e4 O-O 6. Nf3 Bg4 7. Be2 Nfd7 8. h3
Bxf3 9. Bxf3 e5 10. Be3 exd4 11. Bxd4 Ne5 12. Be2 Nbc6 13. Be3 f5 14. Qd2 fxe4
15. Nxe4 Ne7 16. O-O-O Nf5 17. Bg5 Qe8 18. g4 Nc6 19. gxf5 Qxe4 20. Bd3 Qf3 21.
fxg6 Qxf2 22. gxh7+ Kh8 23. Rh2 Qxd2+ 24. Rhxd2 Ne5 25. Bb1 Nf3 26. Be7 Nxd2 27.
Bxf8 Nxb1 28. Bxg7+ Kxg7 29. Kxb1 Rd8 30. Re1 Rd7 31. Kc2 Kxh7 32. Rg1 Rf7 33.
Rg3 a6 34. Kc3 Rf2 35. Re3 Kg6 36. Re7 Rf3+ 37. Kc2 Rf2+ 38. Kb3 Rf3+ 39. Ka4
Rf2 40. Ka3 Rf7 41. Rxf7 Kxf7 42. Kb4 Kf6 43. Kc3 Kg5 44. Kd4 Kh4 45. Kd5 Kxh3
46. Ke6 b5 47. b3 bxc4 48. bxc4 Kg3 49. Kd7 Kf4 50. Kxc7 Ke5 51. Kc6 Kd4 52.
Kxd6 Kxc4 53. a4 Kb4 54. Kd5 a5 55. Kd4 Kxa4 56. Kc3 Ka3 57. Kc2 Ka2 58. Kc1 a4
59. Kc2 a3 60. Kc1 Ka1 61. Kc2 a2 62. Kc1 {Black stalemated} 1/2-1/2

[Event "Team 45 45 League T97"]
[Site "Internet Chess Club"]
[Date "2023.08.27"]
[Round "3"]
[White "Lawkeito"]
[Black "magiclydonkey"]
[Result "0-1"]
[WhiteElo "1782"]
[BlackElo "1600"]
[Opening "King's Indian: 6.Be2"]
[ECO "E91"]
[Time "19:58:52"]
[PlyCount "68"]
[TimeControl "2700+45"]

1. d4 Nf6 2. c4 g6 3. Nc3 Bg7 4. e4 d6 5. Nf3 O-O 6. Be2 Nbd7 7. Be3 c5 8. d5 a6
9. O-O e5 10. Nd2 Rb8 11. Rb1 Ne8 12. a3 f5 13. f3 Qc7 14. b4 Ndf6 15. Rb2 Nh5
16. Qb1 Nf4 17. Rc1 Bh6 18. Bf2 cxb4 19. axb4 fxe4 20. fxe4 Qe7 21. Bf1 Qg5 22.
Bg3 Nh5 23. Qd3 Qe3+ 24. Qxe3 Bxe3+ 25. Kh1 Nxg3+ 26. hxg3 Rf2 27. Ncb1 Nf6 28.
Bd3 Ng4 29. Rf1 Bd7 30. b5 axb5 31. cxb5 Rbf8 32. Rc2 g5 33. Nf3 Rxf1+ 34. Bxf1
Rf6 {White resigns} 0-1

[Event "Team 45 45 League T97"]
[Site "Internet Chess Club"]
[Date "2023.08.28"]
[Round "3"]
[White "keithuws1"]
[Black "garytd"]
[Result "1-0"]
[WhiteElo "1454"]
[BlackElo "1433"]
[Opening "Sicilian: accelerated fianchetto, Maróczy bind, 6.Be3"]
[ECO "B38"]
[Time "17:00:10"]
[PlyCount "51"]
[TimeControl "2700+45"]

1. e4 c5 2. Nf3 g6 3. c4 Bg7 4. d4 cxd4 5. Nxd4 Nc6 6. Be3 Nf6 7. Nc3 d6 8. Be2
O-O 9. O-O a6 10. Nxc6 bxc6 11. Qd2 Rb8 12. h3 Bb7 13. f4 c5 14. Bf3 e6 15. Rad1
Ne8 16. Bxc5 Qa5 17. Bd4 Nf6 18. e5 dxe5 19. Bxe5 Bxf3 20. Rxf3 Rfd8 21. Rd3
Rxd3 22. Qxd3 Rxb2 23. Qd8+ Qxd8 24. Rxd8+ Bf8 25. Bxf6 Rb4 26. Rc8 {Black
resigns} 1-0

[Event "Team 45 45 League T97"]
[Site "Internet Chess Club"]
[Date "2023.08.30"]
[Round "3"]
[White "room-matt"]
[Black "cyborg86"]
[Result "0-1"]
[WhiteElo "1792"]
[BlackElo "2263"]
[Opening "Robatsch defense: two knights variation"]
[ECO "A40"]
[Time "12:16:08"]
[PlyCount "102"]
[TimeControl "2700+45"]

1. d4 g6 2. Nc3 Bg7 3. e4 d6 4. Nf3 a6 5. Be2 b5 6. O-O Nd7 7. Re1 Bb7 8. a4 b4
9. Nd5 Bxd5 10. exd5 Ngf6 11. Bc4 Nb6 12. Qe2 Nxc4 13. Qxc4 O-O 14. Bg5 Qd7 15.
Re2 Qf5 16. Rae1 Qxd5 17. Qxc7 e6 18. Bf4 Rfd8 19. c4 bxc3 20. Qxc3 Rac8 21. Qd2
Rb8 22. Rc1 Rb6 23. Rc7 Ne8 24. Rc2 Rdb8 25. Bh6 Rb4 26. Bxg7 Nxg7 27. Rc8+ Rxc8
28. Qxb4 Nf5 29. Re1 Rc4 30. Qb8+ Kg7 31. b3 Rc3 32. b4 Nxd4 33. Nxd4 Qxd4 34.
h3 Rc2 35. Rf1 Rb2 36. Qb7 Rxb4 37. Qxa6 Rxa4 38. Qe2 Ra1 39. g4 Rxf1+ 40. Kxf1
d5 41. h4 Qc4 42. Ke1 Qxe2+ 43. Kxe2 e5 44. g5 h6 45. Kd2 hxg5 46. hxg5 f6 47.
gxf6+ Kxf6 48. Kc2 Kf5 49. Kc3 Kf4 50. Kd2 Kf3 51. Ke1 d4 {White resigns} 0-1

[Event "Team 45 45 League T97"]
[Site "Internet Chess Club"]
[Date "2023.08.27"]
[Round "3"]
[White "timcent"]
[Black "bobhill"]
[Result "1-0"]
[WhiteElo "1914"]
[BlackElo "1888"]
[Opening "QGD: Charousek (Petrosian) variation"]
[ECO "D31"]
[Time "22:07:08"]
[PlyCount "67"]
[TimeControl "2700+45"]

1. d4 d5 2. c4 e6 3. Nc3 Be7 4. Bf4 Nf6 5. cxd5 exd5 6. e3 O-O 7. Bd3 c6 8. Nge2
Nbd7 9. O-O Re8 10. Qc2 Nf8 11. Rae1 Bd7 12. f3 Ng6 13. Bg3 a6 14. e4 dxe4 15.
fxe4 Ng4 16. Qd2 Bg5 17. Nf4 Nf6 18. e5 Nh5 19. Bxg6 hxg6 20. Ne4 Nxg3 21. hxg3
Be6 22. Qc3 Bd5 23. Nxd5 cxd5 24. Nd6 Rf8 25. Qc5 Bd2 26. Re2 Qg5 27. Rf3 a5 28.
Qxd5 Bb4 29. Nxf7 Qc1+ 30. Kh2 Kh7 31. Re4 g5 32. e6 Be7 33. Qf5+ g6 34. Qh3+
{Black resigns} 1-0

[Event "Team 45 45 League T97"]
[Site "Internet Chess Club"]
[Date "2023.08.25"]
[Round "3"]
[White "Beetlejuice"]
[Black "Pawnchain"]
[Result "1-0"]
[WhiteElo "1681"]
[BlackElo "1371"]
[Opening "English: Sicilian reversed"]
[ECO "A25"]
[Time "14:01:14"]
[PlyCount "51"]
[TimeControl "2700+45"]

1. c4 e5 2. Nc3 Nc6 3. g3 f5 4. Bg2 Nf6 5. d3 Bb4 6. Bd2 d6 7. a3 Bxc3 8. Bxc3
O-O 9. e3 Bd7 10. Ne2 a5 11. b4 axb4 12. axb4 Rxa1 13. Qxa1 b6 14. O-O Ne7 15.
b5 Ng6 16. Qb2 Qe7 17. Rd1 f4 18. exf4 exf4 19. Nd4 fxg3 20. hxg3 Ng4 21. Re1
Qg5 22. Bd5+ Kh8 23. Ne6 Qh5 24. Bxg7+ Kg8 25. Ng5+ Rf7 26. Bxf7# {Black
checkmated} 1-0

[Event "Team 45 45 League T97"]
[Site "Internet Chess Club"]
[Date "2023.08.26"]
[Round "3"]
[White "smsxman"]
[Black "discipulo"]
[Result "0-1"]
[WhiteElo "1465"]
[BlackElo "1693"]
[Opening "Queen's pawn game, Darooha variation "]
[ECO "D02"]
[Time "11:00:30"]
[PlyCount "60"]
[TimeControl "2700+45"]

1. Nf3 Nf6 2. d4 d5 3. g3 e6 4. Nc3 c5 5. a3 Nc6 6. Bg2 cxd4 7. Nxd4 Bc5 8. e3
O-O 9. O-O a6 10. Na4 Ba7 11. b4 e5 12. Nxc6 bxc6 13. c3 Be6 14. Bb2 Qc7 15. Rc1
Rfd8 16. Qe2 e4 17. Qc2 Nd7 18. Ba1 Ne5 19. Nb2 Bg4 20. c4 Qe7 21. c5 Qg5 22.
Qc3 f6 23. h3 Bf3 24. h4 Qg4 25. Kh2 Be2 26. Rh1 Nf3+ 27. Bxf3 Bxf3 28. Rhe1 Bb8
29. Na4 Qxh4+ 30. Kg1 Qh1# {White checkmated} 0-1

[Event "Team 45 45 League T97"]
[Site "Internet Chess Club"]
[Date "2023.08.27"]
[Round "3"]
[White "iSeba"]
[Black "primerpaso"]
[Result "1-0"]
[WhiteElo "1970"]
[BlackElo "1764"]
[Opening "Sicilian"]
[ECO "B50"]
[Time "14:00:16"]
[PlyCount "45"]
[TimeControl "2700+45"]

1. e4 c5 2. Nf3 d6 3. c4 e5 4. Nc3 Nc6 5. d3 g6 6. Nd5 Bg7 7. Bg5 f6 8. Bd2 Nge7
9. a3 O-O 10. Be2 f5 11. Rb1 fxe4 12. dxe4 Nd4 13. Nxd4 cxd4 14. Bg5 Rf7 15.
Nxe7+ Rxe7 16. O-O h6 17. Bxe7 Qxe7 18. Bg4 h5 19. Bxc8 Rxc8 20. Rc1 Qh4 21. c5
Rxc5 22. Qb3+ Kh7 23. Qxb7 {Black resigns} 1-0

[Event "Team 45 45 League T97"]
[Site "Internet Chess Club"]
[Date "2023.08.23"]
[Round "3"]
[White "QuieroAprender"]
[Black "ARMAND02019"]
[Result "0-1"]
[WhiteElo "1553"]
[BlackElo "1605"]
[Opening "Queen's pawn game"]
[ECO "D02"]
[Time "20:20:21"]
[PlyCount "200"]
[TimeControl "2700+45"]

1. d4 d5 2. Nf3 c6 3. Bf4 Nf6 4. Nbd2 g6 5. e3 Bg7 6. Be2 O-O 7. c3 Nbd7 8. h4
Ne4 9. h5 Ndf6 10. hxg6 fxg6 11. Ne5 Nxd2 12. Qxd2 Ne4 13. Qc2 Bf5 14. Bd3 g5
15. Bh2 h6 16. f3 Nd6 17. Bxf5 Nxf5 18. Qd3 e6 19. f4 Bxe5 20. dxe5 g4 21. O-O-O
Qb6 22. Bg1 Qc7 23. e4 dxe4 24. Qxe4 Rf7 25. Bc5 Qa5 26. Qc4 Re8 27. b4 Qc7 28.
Bd6 Qb6 29. Bc5 Qc7 30. Qe2 Rg7 31. Rh2 b6 32. Bd6 Qf7 33. Rdh1 Ng3 34. Qd2 Nxh1
35. Rxh1 Rg6 36. g3 Kg7 37. Rh5 Rc8 38. Kb2 a6 39. a4 c5 40. bxc5 bxc5 41. Qe2
Qb7+ 42. Ka3 c4 43. Qc2 Qf3 44. Qb2 Rd8 45. Qb4 Qc6 46. Be7 Rd7 47. Bf6+ Kf7 48.
f5 exf5 49. Rxf5 Ke6 50. Rf4 Rc7 51. Bd8 a5 52. Qxa5 Qc5+ 53. Qb4 Qxb4+ 54. Kxb4
Rb7+ 55. Kxc4 Kxe5 56. a5 h5 57. Bb6 h4 58. Bd4+ Ke6 59. Re4+ Kd7 60. a6 Rc7+
61. Kd3 h3 62. a7 Rc8 63. Re2 Re6 64. Ra2 Ra8 65. Rf2 Kc6 66. Rb2 Ree8 67. Rb6+
Kc7 68. Rg6 Rg8 69. Rh6 Raf8 70. Rh7+ Kc6 71. Be5 Ra8 72. Bb8 Raxb8 73. axb8=Q
Rxb8 74. Kd4 Rf8 75. Rh4 Rf1 76. c4 Rg1 77. Rxg4 h2 78. Rh4 h1=Q 79. Rxh1 Rxh1
80. Ke5 Kd7 81. g4 Rc1 82. Kf6 Ke8 83. g5 Kf8 84. Kg6 Rxc4 85. Kh7 Rh4+ 86. Kg6
Kg8 87. Kf6 Rh7 88. Kg6 Rg7+ 89. Kh6 Kf7 90. Kh5 Rg6 91. Kg4 Ke6 92. Kf4 Rg7 93.
Kg4 Ke5 94. Kh5 Kf5 95. Kh6 Rxg5 96. Kh7 Rg2 97. Kh6 Rg1 98. Kh7 Kf6 99. Kh8 Kf7
100. Kh7 Rh1# {White checkmated} 0-1

[Event "Team 45 45 League T97"]
[Site "Internet Chess Club"]
[Date "2023.08.27"]
[Round "3"]
[White "kabindra"]
[Black "vollmerj"]
[Result "0-1"]
[WhiteElo "1738"]
[BlackElo "1539"]
[Opening "Sicilian: closed"]
[ECO "B23"]
[Time "14:00:20"]
[PlyCount "24"]
[TimeControl "2700+45"]

1. e4 c5 2. Nc3 g6 3. d4 cxd4 4. Qxd4 Nf6 5. Bb5 Nc6 6. Bxc6 bxc6 7. e5 Nh5 8.
g4 Ng7 9. f4 Ne6 10. Qc4 a5 11. f5 Ba6 12. Qf4 Nxf4 {White resigns} 0-1

[Event "Team 45 45 League T97"]
[Site "Internet Chess Club"]
[Date "2023.08.25"]
[Round "3"]
[White "Manch"]
[Black "isolani"]
[Result "1/2-1/2"]
[WhiteElo "1357"]
[BlackElo "1526"]
[Opening "Sicilian defense"]
[ECO "B30"]
[Time "09:00:21"]
[PlyCount "30"]
[TimeControl "2700+45"]

1. e4 c5 2. Nf3 Nc6 3. Bc4 e6 4. O-O d6 5. c3 Nf6 6. Re1 Be7 7. e5 dxe5 8. Nxe5
Nxe5 9. Rxe5 Bd6 10. Rg5 Ne4 11. Rxg7 Bxh2+ 12. Kxh2 Qh4+ 13. Kg1 Qxf2+ 14. Kh2
Qh4+ 15. Kg1 Qf2+ {Game drawn by mutual agreement} 1/2-1/2

[Event "Team 45 45 League T97"]
[Site "Internet Chess Club"]
[Date "2023.08.27"]
[Round "3"]
[White "LookImYourVader"]
[Black "Goli"]
[Result "1/2-1/2"]
[WhiteElo "1752"]
[BlackElo "1782"]
[Opening "Robatsch defense: Pseudo-Austrian attack"]
[ECO "B06"]
[Time "15:02:36"]
[PlyCount "42"]
[TimeControl "2700+45"]

1. e4 g6 2. d4 Bg7 3. Nc3 d6 4. f4 Nf6 5. Nf3 Bg4 6. h3 Bxf3 7. Qxf3 Nc6 8. Bb5
O-O 9. Be3 a6 10. Bxc6 bxc6 11. e5 dxe5 12. dxe5 Nd5 13. Rd1 e6 14. Bc5 Re8 15.
O-O Qh4 16. Ne4 Red8 17. Bf2 Qh6 18. Bc5 Qh4 19. Bf2 Qh6 20. Bc5 Qh4 21. Bf2 Qh6
{Game drawn by repetition} 1/2-1/2

[Event "Team 45 45 League T97"]
[Site "Internet Chess Club"]
[Date "2023.08.25"]
[Round "3"]
[White "fhunfi"]
[Black "fishhead"]
[Result "0-1"]
[WhiteElo "1675"]
[BlackElo "1666"]
[Opening "Sicilian: Najdorf"]
[ECO "B90"]
[Time "17:01:41"]
[PlyCount "138"]
[TimeControl "2700+45"]

1. e4 c5 2. Nf3 d6 3. d4 cxd4 4. Nxd4 Nf6 5. Nc3 a6 6. f3 e5 7. Nb3 Be7 8. Be3
Be6 9. Qd2 Nbd7 10. Nd5 Nxd5 11. exd5 Bf5 12. c4 a5 13. a4 Bg6 14. Be2 b6 15.
Nc1 O-O 16. Ra3 Qc7 17. Na2 Nc5 18. Nc3 f5 19. Nb5 Qd7 20. O-O Rae8 21. b4 axb4
22. Qxb4 f4 23. Bxc5 bxc5 24. Qd2 Ra8 25. a5 Ra6 26. Rfa1 Rfa8 27. Bd1 Bd8 28.
R1a2 Be8 29. Bc2 Qb7 30. Bd3 g5 31. Be2 Qg7 32. h3 Bd7 33. Bf1 h5 34. Be2 Rc8
35. Rb3 Rca8 36. Rba3 Bf5 37. Qe1 Kh8 38. Qd2 Bf6 39. Rb3 Rg8 40. Nc3 Bd8 41.
Ne4 Bxe4 42. fxe4 g4 43. hxg4 hxg4 44. Kf2 Bh4+ 45. Kg1 Qh7 46. Rab2 Bg3 47.
Bxg4 Qh2+ 48. Kf1 Qh1+ 49. Ke2 Qxg2+ 50. Kd1 Qf1+ 51. Kc2 Qxc4+ 52. Kd1 Rxg4 53.
Rb8+ Rg8 54. Qg2 Rxb8 55. Qh3+ Kg7 56. Qd7+ Kh6 57. Qe6+ Kg5 58. Qf5+ Kh4 59.
Rxb8 Qf1+ 60. Kc2 Qe2+ 61. Kc1 Qf1+ 62. Kc2 Be1 63. Qf6+ Kg4 64. Qg6+ Kh3 65.
Qh5+ Kg2 66. Rb3 Qc4+ 67. Kb2 Qd4+ 68. Kb1 Qxe4+ 69. Kb2 Bg3 {White resigns} 0-1

[Event "Team 45 45 League T97"]
[Site "Internet Chess Club"]
[Date "2023.08.23"]
[Round "3"]
[White "fireball"]
[Black "WillC"]
[Result "1-0"]
[WhiteElo "1545"]
[BlackElo "1521"]
[Opening "Sicilian: Smith-Morra gambit"]
[ECO "B21"]
[Time "19:24:10"]
[PlyCount "53"]
[TimeControl "2700+45"]

1. e4 c5 2. d4 cxd4 3. c3 Nf6 4. e5 Nd5 5. Qxd4 e6 6. Nf3 Nc6 7. Qa4 Qc7 8. Qe4
Be7 9. Be2 b6 10. c4 Bb4+ 11. Kf1 f5 12. Qh4 Be7 13. Qg3 Ndb4 14. Qxg7 Rf8 15.
Na3 Bb7 16. Nb5 Qb8 17. Bg5 Rf7 18. Qg8+ Rf8 19. Qxh7 Bxg5 20. Nxg5 Nxe5 21.
Qh5+ Nf7 22. Rd1 Ke7 23. Nxf7 Rxf7 24. Nd6 Rg7 25. Qh4+ Kf8 26. Qh8+ Rg8 27.
Qf6# {Black checkmated} 1-0

[Event "Team 45 45 League T97"]
[Site "Internet Chess Club"]
[Date "2023.08.25"]
[Round "3"]
[White "ChessMaine"]
[Black "jfkingiii"]
[Result "1-0"]
[WhiteElo "1496"]
[BlackElo "1450"]
[Opening "Queen's pawn: stonewall attack"]
[ECO "D00"]
[Time "19:00:34"]
[PlyCount "73"]
[TimeControl "2700+45"]

1. d4 d5 2. e3 Nf6 3. Bd3 c5 4. c3 Nc6 5. f4 Bg4 6. Nf3 e6 7. Nbd2 Bd6 8. O-O
O-O 9. Qe1 Bf5 10. e4 dxe4 11. Nxe4 Nxe4 12. Bxe4 cxd4 13. cxd4 Bxe4 14. Qxe4 h6
15. Ne5 Qc7 16. Bd2 Bxe5 17. fxe5 Ne7 18. Rf3 Rac8 19. Rc1 Qb6 20. Rb3 Rxc1+ 21.
Bxc1 Qc6 22. Qxc6 Nxc6 23. Rxb7 Rc8 24. Be3 Kf8 25. Kf2 Nd8 26. Rxa7 Rc2+ 27.
Kf3 Rxb2 28. d5 exd5 29. Bc5+ Kg8 30. Ra8 Kh7 31. Rxd8 Rxa2 32. Rxd5 Ra8 33. Rd7
Kg8 34. g4 Re8 35. Bd6 f6 36. exf6 gxf6 37. Bf4 {Black resigns} 1-0

[Event "Team 45 45 League T97"]
[Site "Internet Chess Club"]
[Date "2023.08.26"]
[Round "3"]
[White "julesraider"]
[Black "ChessG2011"]
[Result "1-0"]
[WhiteElo "1636"]
[BlackElo "1449"]
[Opening "Grünfeld: modern exchange variation"]
[ECO "D85"]
[Time "19:30:17"]
[PlyCount "39"]
[TimeControl "2700+45"]

1. d4 Nf6 2. c4 g6 3. Nc3 d5 4. cxd5 Nxd5 5. e4 Nxc3 6. bxc3 Bg7 7. Nf3 c5 8.
Rb1 O-O 9. Be2 Nc6 10. d5 Bxc3+ 11. Bd2 Bxd2+ 12. Qxd2 Nb8 13. h4 e6 14. h5 exd5
15. hxg6 hxg6 16. Qh6 Bh3 17. Rxh3 Qa5+ 18. Kf1 Qe1+ 19. Kxe1 dxe4 20. Qh8#
{Black checkmated} 1-0

[Event "Team 45 45 League T97"]
[Site "Internet Chess Club"]
[Date "2023.08.25"]
[Round "3"]
[White "Toalla"]
[Black "Tjet"]
[Result "1/2-1/2"]
[WhiteElo "1083"]
[BlackElo "1292"]
[Opening "King's Indian: fianchetto without c4"]
[ECO "A49"]
[Time "19:05:59"]
[PlyCount "40"]
[TimeControl "2700+45"]

1. Nf3 Nf6 2. d4 g6 3. g3 Bg7 4. Bg2 d6 5. O-O c6 6. b3 O-O 7. Bb2 b6 8. c4 Bb7
9. Re1 Nbd7 10. Nc3 Re8 11. e4 e5 12. d5 a6 13. dxc6 Bxc6 14. Qxd6 Re6 15. Qd2
Nc5 16. Qxd8+ Rxd8 17. Nd5 Nfxe4 18. Rad1 Bxd5 19. Rxd5 Rxd5 20. cxd5 Re8 {Game
drawn by mutual agreement} 1/2-1/2

[Event "Team 45 45 League T97"]
[Site "Internet Chess Club"]
[Date "2023.08.27"]
[Round "3"]
[White "ticktockman"]
[Black "oldbookseller"]
[Result "1-0"]
[WhiteElo "1044"]
[BlackElo "817"]
[Opening "Réti opening"]
[ECO "A05"]
[Time "09:33:14"]
[PlyCount "57"]
[TimeControl "2700+45"]

1. Nf3 Nf6 2. e3 e6 3. Bc4 Bd6 4. a3 O-O 5. O-O b6 6. Ba2 Bb7 7. d4 c5 8. dxc5
Bxc5 9. Nbd2 d5 10. b4 Bd6 11. Bb2 Nbd7 12. h3 e5 13. c4 d4 14. exd4 e4 15. Nh2
Bxh2+ 16. Kxh2 e3 17. fxe3 Qc7+ 18. Kg1 Ne4 19. Nxe4 Bxe4 20. d5 Qg3 21. Qg4
Qxe3+ 22. Kh1 g6 23. Qxd7 Qg3 24. Qg4 Bxg2+ 25. Kg1 Qe3+ 26. Kxg2 Qd2+ 27. Rf2
Qd3 28. Qd4 Qxh3+ 29. Kxh3 {Black resigns} 1-0